 Dungeon Crawl Stone Soup version 0.18-a0-1024-gf1736fb (webtiles) character file.

231 George the Slasher (level 5, -2/45 HPs)
             Began as a Minotaur Fighter on Jan 7, 2016.
             Killed from afar by an orc wizard (3 damage)
             ... with a magic dart
             ... on level 3 of the Dungeon.
             The game lasted 00:02:24 (1747 turns).

George the Slasher (Minotaur Fighter)               Turns: 1747, Time: 00:02:24

Health: -2/45      AC:  6    Str: 21    XL:     5   Next: 72%
Magic:  4/4        EV:  7    Int:  5    God:
Gold:   128        SH:  9    Dex: 10    Spells: 0 memorised, 4 levels left

rFire  . . .     SeeInvis .     a - +0 long sword
rCold  . . .     Gourm    .     b - +0 scale mail
rNeg   . . .     Faith    .     c - +0 shield
rPois  .         Spirit   .     (helmet restricted)
rElec  .         Dismiss  .     (no cloak)
rCorr  .         Reflect  .     (no gloves)
SustAt .         Harm     .     (no boots)
MR     .....                    (no amulet)
Stlth  ..........               (no ring)
                                (no ring)

@: lethally poisoned (-2 -> -4), not resistant to hostile enchantments,
extremely unstealthy
A: retaliatory headbutt, horns 2
a: no special abilities


You were on level 3 of the Dungeon.
You were not hungry.

You visited 1 branch of the dungeon, and saw 3 of its levels.

You collected 128 gold pieces.

Inventory:

Hand Weapons
 a - a +0 long sword (weapon)
Armour
 b - a +0 scale mail (worn)
 c - a +0 shield (worn)
Wands
 r - a wand of teleportation (5/9)
Scrolls
 g - 6 scrolls of identify {unknown}
 h - a scroll of immolation {unknown}
 i - a scroll of fog {unknown}
 l - a scroll of enchant weapon {unknown}
 m - a scroll of enchant armour {unknown}
 t - a scroll of remove curse {unknown}
Potions
 d - a potion of might
 j - a potion of resistance {unknown}
 k - a potion of mutation {unknown}
 o - a potion of brilliance {unknown}
Comestibles
 f - 3 bread rations
 p - a slice of pizza
 q - 3 chunks of flesh
 s - a meat ration
 u - a royal jelly


   Skills:
 - Level 3.6 Fighting
 + Level 7.3 Long Blades
 - Level 3.6 Armour
 - Level 3.6 Shields


You had 4 spell levels left.
You didn't know any spells.

Dungeon Overview and Level Annotations

Branches:
Dungeon (3/15)

Altars:
Ashenzari
Dithmenos
Makhleb
Ru


Innate Abilities, Weirdness & Mutations

You reflexively headbutt those who attack you in melee.
You have a pair of horns on your head.


Message History

You see here an adder corpse.
You closely miss the orc wizard.
The orc wizard is heavily wounded.
You feel sick. The orc wizard hits you with a dagger.
* * * LOW HITPOINT WARNING * * *
The orc wizard hits you but does no damage.
You hit the orc wizard but do no damage.
The orc wizard is heavily wounded.
The giant gecko bites you but does no damage.
The orc wizard hits you with a dagger.
* * * LOW HITPOINT WARNING * * *
The giant gecko bites you.
* * * LOW HITPOINT WARNING * * *
You closely miss the orc wizard.
The orc wizard is heavily wounded.
The orc wizard barely misses you. The giant gecko bites you.
* * * LOW HITPOINT WARNING * * *
The orc wizard casts a spell at you. The magic dart hits you!
You die...

......###...........#
..................(....#
.........(...##.########
..... #......##.##......
..... #......##(........
......#.#....)).........
......#.#.######........
.......ol).....#...##+##
...##..@.<.....#...#
#..........#...#
###........#...#
..........####
....<......#
............#
......##.... ....... ...


You could see an orc wizard and a giant gecko.

Vanquished Creatures
  A hound (D:2)
  2 orc priests (D:3)
  An orc wizard (D:3)
  A gnoll (D:2)
  3 adders
  2 worms (D:2)
  5 giant geckos
  5 orcs (D:3)
  10 bats
  3 giant cockroaches (D:1)
  6 hobgoblins
  2 jackals (D:1)
  3 quokkas (D:3)
  A ball python (D:1)
  2 giant newts (D:1)
  5 goblins
  5 kobolds
  8 rats
65 creatures vanquished.

Notes
Turn   | Place    | Note
--------------------------------------------------------------
     0 | D:1      | George the Minotaur Fighter began the quest for the Orb.
     0 | D:1      | Reached XP level 1. HP: 19/19 MP: 0/0
   102 | D:1      | Reached XP level 2. HP: 19/26 MP: 1/1
   433 | D:1      | Reached skill level 4 in Long Blades
   523 | D:1      | Reached XP level 3. HP: 28/31 MP: 2/2
   849 | D:2      | Found a burning altar of Makhleb.
   856 | D:2      | Reached skill level 5 in Long Blades
   856 | D:2      | Reached XP level 4. HP: 35/39 MP: 3/3
  1064 | D:2      | Found a shattered altar of Ashenzari.
  1097 | D:2      | Found a sacrificial altar of Ru.
  1132 | D:2      | Found a shadowy altar of Dithmenos.
  1495 | D:2      | Reached skill level 6 in Long Blades
  1531 | D:3      | Reached XP level 5. HP: 23/45 MP: 4/4
  1737 | D:3      | Reached skill level 7 in Long Blades
  1747 | D:3      | HP: 1/45 [giant gecko (4)]
  1747 | D:3      | Killed from afar by an orc wizard

Vault maps used:
D:1:      elethiomel_arrival_maze, st_stairs_4
D:2:      ashenzari_altar_1, marbit_many_paths, makhleb_heckhound_becter,
          first_bread, nicolae_ru_sacrificial_ziggurat
D:3:      lemuel_round_altar, uniq_crazy_yiuf_cottage

Action                   |  1- 3 |  4- 6 || total
-------------------------+-------+-------++-------
Melee: Long sword        |    85 |    80 ||   165
  Eat: Chunk             |       |     3 ||     3
